 Dungeon Crawl Stone Soup version 0.29-a0-222-g5b244fca1f (webtiles) character file.

Game seed: 376674655655457927

1103 Morbidden the Slasher (level 8, 0/61 HPs)
             Began as a Demonspawn Fighter on Feb 27, 2022.
             Slain by a gnoll
             ... wielding a +2 halberd of venom
              (4 damage)
             ... on level 5 of the Dungeon.
             The game lasted 00:06:13 (6615 turns).

Morbidden the Slasher (Demonspawn Fighter)          Turns: 6615, Time: 00:06:14

Health: 0/61       AC: 12    Str: 18    XL:     8   Next: 10%
Magic:  11/11      EV:  7    Int: 10    God:
Gold:   244        SH:  5    Dex: 13    Spells: 9/11 levels left

rFire   . . .      SeeInvis .   a - +0 long sword
rCold   . . .      Faith    .   c - +0 buckler
rNeg    . . .      Spirit   .   n - +0 plate armour
rPois   .          Reflect  .   (no helmet)
rElec   .          Harm     .   (no cloak)
rCorr   .          Rampage  .   (no gloves)
Will    .....                   (no boots)
Stlth   ..........              (no amulet)
HPRegen 0.20/turn               (no ring)
MPRegen 0.12/turn               (no ring)

@: lethally poisoned (0 -> -2)
A: hooves 1, spiny 1, sturdy frame 1
a: no special abilities


You were on level 5 of the Dungeon.
You visited 1 branch of the dungeon, and saw 5 of its levels.
You also visited: Sewer.

You collected 244 gold pieces.

Inventory:

Hand Weapons
 a - a +0 long sword (weapon)
Missiles
 e - 9 boomerangs
 p - 3 silver javelins
 s - 17 poisoned darts (quivered)
Armour
 c - a +0 buckler (worn)
 n - a +0 plate armour (worn)
Scrolls
 f - 2 scrolls of noise {unknown}
 g - 2 scrolls of fear {unknown}
 h - 3 scrolls of amnesia
 i - 3 scrolls of teleportation
 j - 2 scrolls of vulnerability
 l - 4 scrolls of identify
 m - 3 scrolls of magic mapping {unknown}
 r - 2 scrolls of silence {unknown}
 t - a scroll of fog {unknown}
 u - a scroll of summoning {unknown}
Potions
 b - a potion of haste {unknown}
 d - a potion of might
 k - a potion of degeneration {unknown}
 o - a potion of flight {unknown}
 q - a potion of curing {unknown}


   Skills:
 * Level 4.5 Fighting
 * Level 5.2 Long Blades
 + Level 0.4 Throwing
 + Level 4.4 Armour
 * Level 2.5 Dodging
 + Level 0.4 Stealth
 + Level 3.4 Shields
 * Level 2.4 Spellcasting
 * Level 2.2 Fire Magic


You had 9 spell levels left.
You knew the following spells:

 Your Spells              Type           Power      Damage    Failure   Level
a - Scorch                Fire           10%        2d5       99%         2

Your spell library contained the following spells:

 Spells                   Type           Power      Damage    Failure   Level
 Static Discharge         Conj/Air       1%         N/A       100%        2
 Gell's Gravitas          Tloc           1%         N/A       100%        3
 Lesser Beckoning         Tloc           1%         N/A       100%        3
 Teleport Other           Tloc           1%         N/A       100%        3
 Dispel Undead            Necr           1%         3d6       100%        4
 Flame Wave               Conj/Fire      3%         2d4       100%        4
 Sticky Flame             Conj/Fire      3%         2d3       100%        4
 Summon Cactus Giant      Summ           0%         N/A       100%        6


Dungeon Overview and Level Annotations

Branches:
Dungeon (5/15)              Sewer (visited)
 Temple: D:4-7

Altars:
Fedhas
Kikubaaqudgha

Shops:
D:1 !


Innate Abilities, Weirdness & Mutations

You have large cloven feet.
You are partially covered in sharp spines.
Your movements are slightly less encumbered by armour. (ER -2)


Message History

You feel sick.
The gnoll shaman calls upon its god to heal the gnoll.
The gnoll is healed somewhat.
You feel sick.
You feel sick.
The gnoll shaman calls upon its god to heal the gnoll.
The gnoll's wounds heal themselves!
The gnoll is struck by your spines. The gnoll hits you with a +0 whip.
You feel sick.
You feel sick.
The gnoll shaman calls upon its god to speed up the gnoll.
The gnoll seems to speed up.
The gnoll hits you but does no damage.
You feel sick.
You feel sick. You block the gnoll's attack.
You feel sick.
You are no longer poisoned.
The gnoll shaman calls upon its god to speed up the gnoll.
The gnoll seems to speed up.
There is an open door here.
You completely miss the gnoll. You kick the gnoll.
The gnoll is almost dead.
The gnoll barely misses you. The gnoll hits you but does no damage.
You are poisoned.
The gnoll hits you but does no damage. The gnoll closely misses you.
Unknown command.
You feel sick. The gnoll is struck by your spines.
You kill the gnoll!
You feel sick.
The gnoll hits you from afar with a +2 halberd of venom.
You are more poisoned.
You feel sick.
You feel sick. The gnoll barely misses you.
You feel sick.
You feel sick.
The gnoll hits you from afar with a +2 halberd of venom!
* * * LOW HITPOINT WARNING * * *
You feel sick.
You feel sick.
The gnoll hits you from afar with a +2 halberd of venom.
You die...

#.#.###.# ##.## #.#.....# #.#
#.####### #.# # #..# ##+## #.
####.#### ##...## #.#####
#.......# ##.....## #......
#.##..#.# ##.......## ##.##.
#####.##....###.........####.....
....###.......).@g....g.)........
##### ##....###...g.....####...#.
#..#.# ##.......## ##.##? ######
##.....## #.##. ##...## #.##.
##+## #.##. #.##. #.... #.


You could see a gnoll shaman and 2 gnolls.

Vanquished Creatures
  A wyvern (D:5)
  A black bear (D:4)
  Pargi (Sewer)
  An ice beast (D:5)
  2 necrophages (D:5)
  2 orc priests (D:5)
  A jelly (D:2)
  3 hounds
  2 orc wizards (D:5)
  2 iguanas
  5 gnolls
  6 adders
  A river rat (D:3)
  A white imp (D:5)
  2 worms
  4 dart slugs
  13 orcs
  4 endoplasms (D:3)
  4 giant cockroaches
  6 goblins
  7 hobgoblins
  6 jackals
  6 ball pythons
  5 bats
  5 frilled lizards
  13 kobolds
  9 rats
113 creatures vanquished.

Vanquished Creatures (others)
  4 plants
  4 withered plants (D:4)
8 creatures vanquished.

Grand Total: 121 creatures vanquished

Notes
Turn   | Place    | Note
-------+----------+-------------------------------------------
     0 | D:1      | Morbidden the Demonspawn Fighter began the quest for the
                  | Orb.
     0 | D:1      | Reached XP level 1. HP: 18/18 MP: 1/1
   711 | D:1      | Gained mutation: You have large cloven feet. [demonic
                  | ancestry]
   711 | D:1      | Reached XP level 2. HP: 24/24 MP: 2/2
   724 | D:1      | Reached skill level 2 in Long Blades
   998 | D:1      | Found Zecvepel's Distillery.
  1246 | D:2      | Found a faded altar of an unknown god.
  1654 | D:2      | Reached XP level 3. HP: 29/29 MP: 3/3
  1952 | D:2      | Gained mutation: You are partially covered in sharp spines.
                  | [demonic ancestry]
  1952 | D:2      | Reached XP level 4. HP: 19/35 MP: 4/4
  2535 | D:3      | Reached skill level 3 in Long Blades
  2693 | D:3      | Found a glowing drain.
  2721 | Sewer    | Entered a sewer
  3255 | Sewer    | Learned a level 2 spell: Scorch
  3259 | Sewer    | Noticed Pargi
  3272 | Sewer    | Killed Pargi
  3273 | Sewer    | Reached skill level 1 in Dodging
  3273 | Sewer    | Gained mutation: Your movements are slightly less
                  | encumbered by armour. (ER -2) [demonic ancestry]
  3273 | Sewer    | Reached XP level 5. HP: 12/42 MP: 5/5
  3948 | D:3      | Found Ijuis's Book Emporium.
  4062 | D:4      | Reached skill level 1 in Fire Magic
  4062 | D:4      | Reached XP level 6. HP: 45/48 MP: 6/6
  4241 | D:4      | Reached skill level 1 in Spellcasting
  4398 | D:4      | Reached skill level 4 in Long Blades
  5253 | D:4      | Found a blossoming altar of Fedhas.
  5257 | D:4      | Found an ancient bone altar of Kikubaaqudgha.
  5321 | D:5      | Entered Level 5 of the Dungeon
  5323 | D:5      | Noticed a wyvern
  5332 | D:5      | Killed a wyvern
  5333 | D:5      | Reached XP level 7. HP: 18/54 MP: 7/9
  6334 | D:5      | Reached skill level 5 in Long Blades
  6334 | D:5      | Reached XP level 8. HP: 52/61 MP: 11/11
  6615 | D:5      | Slain by a gnoll

Illustrated notes

Levels and vault maps discovered:
D:1:      mrwooster_arrival_statue_2, layout_loops_ring, serial_shops,
          nicolae_shop_trees, chequers_arboretum
D:2:      layout_rooms, chequers_ecumenical_altar_lobes, hex_large,
          kennysheep_generic_room_6
D:3:      layout_loops_ring, portal_sewer_entry_b, serial_shops, shop
D:4:      layout_gridville, grunt_temple_overflow_growth_and_decay
D:5:      layout_loops_corners, nicolae_sif_muna_little_library,
          grunt_ministairs_4, corexii_checkpoint_a, st_stairs_6

Skill      XL: |  1  2  3  4  5  6  7 |
---------------+----------------------+-----
Armour         | 3 4 |  4.4
Long Blades    | 2 3 4 5 |  5.2
Shields        | 3 |  3.4
Dodging        | 1 2 |  2.5
Fire Magic     | 1 2 |  2.2
Spellcasting   | 1 2 |  2.4
Fighting       | 4 |  4.5
Throwing       | |  0.4
Stealth        | |  0.4

Action                   |  1- 3 |  4- 6 |  7- 9 || total
-------------------------+-------+-------+-------++-------
Melee: Long sword        |    99 |   125 |    87 ||   311
       Kick              |    15 |    30 |    27 ||    72
Throw: Dart              |       |     3 |       ||     3
  Use: Scroll            |       |     3 |     1 ||     4
Armor: Scale mail        |    42 |       |       ||    42
       Plate armour      |    40 |    93 |    56 ||   189
Dodge: Dodged            |    35 |    32 |    23 ||    90
Block: Buckler           |    23 |    33 |    30 ||    86

Table legend: (Time is in decaauts)
 A = Elapsed time spent in this place.
 B = Non-inter-level travel time spent in this place.
 C = Inter-level travel time spent in this place.
 D = Time resting spent in this place.
 E = Time spent auto-exploring this place.
 F = Levels seen in this place.
 G = Mean time per level.
                   A        B        C        D        E       F      G
               +--------+--------+--------+--------+--------+-----+--------+
         Total |   6701 |   6578 |    123 |   1973 |   3516 |   6 | 1116.8 |
       Dungeon |   5814 |   5691 |    123 |   1246 |   3425 |   5 | 1162.8 |
         Sewer |    886 |    886 |      0 |    727 |     91 |   1 |  886.0 |
               +--------+--------+--------+--------+--------+-----+--------+

Top non-repeatable levels by time:
     D:4: 1359 daAuts
     D:5: 1313 daAuts
     D:1: 1244 daAuts
     D:2: 1204 daAuts
   Sewer: 886 daAuts
     D:3: 692 daAuts
